TOP OF THE 1ST |
Oregon Ducks batting - Pitching for UCLA Bruins : RHP Garvey Martinez
|
Pitching: RHP Garvey Martinez
|
|
Batting: RHB Marcus Bruhn
|
0-0: Called Strike 0-1: Swinging Strike 0-2: Ball 1-2: Ball 2-2: Ball 3-2: Base on Balls
|
Batting: SHB Cameron Dow
|
0-0: Ball 1-0: Called Strike 1-1: SINGLE (Line Drive, 9S, EV 110.0 MPH) Marcus Bruhn to second
|
Batting: RHB Cody Schummer
|
0-0: Called Strike 0-1: Fly out, F8 (Flyball, 78S, EV 77.5 MPH)
|
Batting: LHB Chase Chamberlain
|
0-0: Called Strike 0-1: Foul Ball, location: 2F 0-2: Strikes out swinging
|
Batting: RHB Leon Banks
|
0-0: Ball 1-0: Ball 2-0: Ball 3-0: Base on Balls Marcus Bruhn to third Cameron Dow to second
|
Batting: LHB Wyatt DeFeo
|
0-0: Foul Ball, location: 2F 0-1: Fly out, F8 (Flyball, 8LXD, EV 97.5 MPH)
|
Top of the 1st over - 0 runs, 1 hit, 0 errors, 3 left on base; Oregon 0 - UCLA 0 |
BOTTOM OF THE 1ST |
UCLA Bruins batting - Pitching for Oregon Ducks : LHP Colby Ricci
|
Pitching: LHP Colby Ricci
|
|
Batting: RHB Jadon Nilsen
|
0-0: Fly out, F6 (Line Drive, 6M, EV 66.2 MPH)
|
Batting: RHB Sherron Mendez
|
0-0: Ball 1-0: Foul Ball, location: 2F 1-1: Foul Ball, location: 2F 1-2: Foul Ball, location: 2F 1-2: Ball 2-2: Ball 3-2: DOUBLE (Line Drive, 78D, EV 110.0 MPH)
|
Batting: RHB Damian Clary
|
0-0: Called Strike 0-1: Called Strike 0-2: Strikes out swinging
|
Batting: LHB Johnny Ware
|
0-0: Called Strike 0-1: Ball 1-1: Ball 2-1: Ball 3-1: Foul Ball, location: 2F 3-2: Strikes out swinging
|
Bottom of the 1st over - 0 runs, 1 hit, 0 errors, 1 left on base; Oregon 0 - UCLA 0 |
TOP OF THE 2ND |
Oregon Ducks batting - Pitching for UCLA Bruins : RHP Garvey Martinez
|
Batting: RHB Dave Richardson
|
0-0: Called Strike 0-1: Ball 1-1: Ball 2-1: Called Strike 2-2: Foul Ball, location: 2F 2-2: Foul Ball, location: 2F 2-2: Foul Ball, location: 2F 2-2: Fly out, F7 (Flyball, 7, EV 84.4 MPH)
|
Batting: RHB Davell Danton
|
0-0: Foul Ball, location: 2F 0-1: Ball 1-1: SINGLE (Groundball, 6MD, EV 100.6 MPH)
|
Batting: RHB Brock Roberts
|
0-0: Ball 1-0: Foul Ball, location: 2F 1-1: Swinging Strike 1-2: Foul Ball, location: 2F 1-2: Foul Ball, location: 2F 1-2: Strikes out swinging
|
Batting: RHB Marcus Bruhn
|
0-0: SINGLE (Flyball, 6MD, EV 98.8 MPH) Davell Danton to second
|
Batting: SHB Cameron Dow
|
0-0: Called Strike 0-1: Swinging Strike 0-2: Foul Ball, location: 2F 0-2: Ball 1-2: Foul Ball, location: 2F 1-2: Ground out 4-3 (Groundball, 34D, EV 110.6 MPH)
|
Top of the 2nd over - 0 runs, 2 hits, 0 errors, 2 left on base; Oregon 0 - UCLA 0 |
BOTTOM OF THE 2ND |
UCLA Bruins batting - Pitching for Oregon Ducks : LHP Colby Ricci
|
Batting: RHB Ben Creel
|
0-0: Ball 1-0: Ball 2-0: Ball 3-0: Base on Balls
|
Batting: LHB Haden Molnar
|
0-0: Foul Ball, location: 2F 0-1: Ball 1-1: Grounds into double play, 6-4-3 (Groundball, 56, EV 90.0 MPH)
|
Batting: RHB Nickolas Nichols
|
0-0: Ground out 4-3 (Groundball, 34, EV 88.8 MPH)
|
Bottom of the 2nd over - 0 runs, 0 hits, 0 errors, 0 left on base; Oregon 0 - UCLA 0 |
TOP OF THE 3RD |
Oregon Ducks batting - Pitching for UCLA Bruins : RHP Garvey Martinez
|
Batting: RHB Cody Schummer
|
0-0: Called Strike 0-1: DOUBLE (Flyball, 8LXD, EV 95.0 MPH)
|
Batting: LHB Chase Chamberlain
|
0-0: Foul Ball, location: 2F 0-1: Called Strike 0-2: Strikes out swinging
|
Batting: RHB Leon Banks
|
0-0: Ball 1-0: Foul Ball, location: 2F 1-1: Ball 2-1: Ball Wild Pitch! Cody Schummer to third 3-1: Foul Ball, location: 2F 3-2: SINGLE (Groundball, 56S, EV 61.2 MPH) (infield hit) Cody Schummer scores
|
Batting: LHB Wyatt DeFeo
|
0-0: Called Strike 0-1: Called Strike 0-2: Foul Ball, location: 2F 0-2: Strikes out looking
|
Batting: RHB Dave Richardson
|
0-0: Called Strike 0-1: Swinging Strike 0-2: Strikes out swinging
|
Top of the 3rd over - 1 run, 2 hits, 0 errors, 1 left on base; Oregon 1 - UCLA 0 |
BOTTOM OF THE 3RD |
UCLA Bruins batting - Pitching for Oregon Ducks : LHP Colby Ricci
|
Batting: RHB Isaac Taylor
|
0-0: Foul Ball, location: 2F 0-1: Ball 1-1: Ball 2-1: Foul Ball, location: 2F 2-2: Foul Ball, location: 2F 2-2: Ball 3-2: SINGLE (Line Drive, 7S, EV 92.5 MPH)
|
Batting: SHB Jeremy Taggart
|
0-0: Ball 1-0: Sac Bunt to 2L - play at first, batter OUT! 2-3 Isaac Taylor to second
|
Batting: RHB Jadon Nilsen
|
0-0: Swinging Strike 0-1: Ball 1-1: Ball 2-1: Ground out 5-3 (Groundball, 5L, EV 111.2 MPH)
|
Batting: RHB Sherron Mendez
|
0-0: Ball 1-0: Fly out, F8 (Flyball, 8RM, EV 77.5 MPH)
|
Bottom of the 3rd over - 0 runs, 1 hit, 0 errors, 1 left on base; Oregon 1 - UCLA 0 |
TOP OF THE 4TH |
Oregon Ducks batting - Pitching for UCLA Bruins : RHP Garvey Martinez
|
Batting: RHB Davell Danton
|
0-0: Called Strike 0-1: Ball 1-1: Called Strike 1-2: Strikes out looking
|
Batting: RHB Brock Roberts
|
0-0: Ball 1-0: Ball 2-0: Foul Ball, location: 2F 2-1: Foul Ball, location: 2F 2-2: Ball 3-2: Strikes out swinging
|
Batting: RHB Marcus Bruhn
|
0-0: Ball 1-0: Ball 2-0: Ball 3-0: Called Strike 3-1: Foul Ball, location: 2F 3-2: SINGLE (Groundball, 4MD, EV 105.0 MPH)
|
Batting: SHB Cameron Dow
|
0-0: Ball 1-0: Fly out, F5 (Popup, 5F, EV 58.1 MPH)
|
Top of the 4th over - 0 runs, 1 hit, 0 errors, 1 left on base; Oregon 1 - UCLA 0 |
BOTTOM OF THE 4TH |
UCLA Bruins batting - Pitching for Oregon Ducks : LHP Colby Ricci
|
Batting: RHB Damian Clary
|
0-0: Foul Ball, location: 2F 0-1: Fly out, F9 (Flyball, 89S, EV 87.5 MPH)
|
Batting: LHB Johnny Ware
|
0-0: Ball 1-0: Ball 2-0: Ball 3-0: Fly out, F7 (Line Drive, 78M, EV 96.2 MPH)
|
Batting: RHB Ben Creel
|
0-0: Called Strike 0-1: Foul Ball, location: 2F 0-2: Fly out, F8 (Line Drive, 8LD, EV 98.1 MPH)
|
Bottom of the 4th over - 0 runs, 0 hits, 0 errors, 0 left on base; Oregon 1 - UCLA 0 |
TOP OF THE 5TH |
Oregon Ducks batting - Pitching for UCLA Bruins : RHP Garvey Martinez
|
Batting: RHB Cody Schummer
|
0-0: Ball 1-0: Called Strike 1-1: Called Strike 1-2: Ball 2-2: DOUBLE (Line Drive, 78M, EV 109.4 MPH)
|
Pitching: RHP Brayden Clyde
|
|
Batting: LHB Chase Chamberlain
|
0-0: Called Strike 0-1: Called Strike 0-2: Ball 1-2: Ball 2-2: Ball 3-2: Base on Balls
|
Batting: RHB Leon Banks
|
0-0: Called Strike 0-1: Ball 1-1: SINGLE (Line Drive, 3D, EV 98.8 MPH) Cody Schummer to third Chase Chamberlain to second Runner from 3rd tries for Home, SAFE, throw by RF to home
|
Batting: LHB Wyatt DeFeo
|
0-0: Ball 1-0: DOUBLE (Flyball, 8RXD, EV 110.0 MPH) Chase Chamberlain scores Leon Banks to third Runner from 3rd tries for Home, SAFE, throw by CF to trailing runner, OUT at third! 8-3-5
|
Batting: RHB Dave Richardson
|
0-0: Fly out, F9 (Flyball, 9, EV 84.4 MPH)
|
Batting: RHB Davell Danton
|
0-0: Ball 1-0: Ball 2-0: Called Strike 2-1: SINGLE (Line Drive, 56, EV 102.5 MPH)
|
Batting: RHB Brock Roberts
|
0-0: Foul Ball, location: 2F 0-1: Foul Ball, location: 2F 0-2: Ball 1-2: Strikes out swinging
|
Top of the 5th over - 3 runs, 4 hits, 0 errors, 1 left on base; Oregon 4 - UCLA 0 |
BOTTOM OF THE 5TH |
UCLA Bruins batting - Pitching for Oregon Ducks : LHP Colby Ricci
|
Batting: LHB Haden Molnar
|
0-0: Ball 1-0: Ball 2-0: Fly out, F7 (Flyball, 7D, EV 108.8 MPH)
|
Batting: RHB Nickolas Nichols
|
0-0: Ball 1-0: Ball 2-0: Ball 3-0: Foul Ball, location: 2F 3-1: Swinging Strike 3-2: Foul Ball, location: 2F 3-2: Base on Balls
|
Batting: RHB Isaac Taylor
|
0-0: Foul Ball, location: 2F Pickoff Throw to First - Out! 1-3 0-1: Ball 1-1: Ball 2-1: SINGLE (Groundball, 4S, EV 68.8 MPH) (infield hit)
|
Batting: SHB Jeremy Taggart
|
0-0: Called Strike 0-1: Swinging Strike 0-2: Ball 1-2: Ball 2-2: Ball 3-2: Fly out, F5 (Popup, 5S, EV 83.1 MPH)
|
Bottom of the 5th over - 0 runs, 1 hit, 0 errors, 1 left on base; Oregon 4 - UCLA 0 |
TOP OF THE 6TH |
Oregon Ducks batting - Pitching for UCLA Bruins : RHP Brayden Clyde
|
Batting: RHB Marcus Bruhn
|
0-0: Called Strike 0-1: Ball 1-1: Ball 2-1: Foul Ball, location: 9LSF, Error on foul ball, E9 2-2: Foul Ball, location: 2F 2-2: Foul Ball, location: 2F 2-2: Ball 3-2: Base on Balls
|
Batting: SHB Cameron Dow
|
0-0: Ball Marcus Bruhn steals 2nd base 1-0: Fly out, F8 (Flyball, 78D, EV 101.2 MPH)
|
Batting: RHB Cody Schummer
|
0-0: Called Strike 0-1: SINGLE (Groundball, 6MD, EV 98.1 MPH) Marcus Bruhn to third Runner from 3rd tries for Home, SAFE, throw by CF to home
|
Batting: LHB Chase Chamberlain
|
0-0: Fly out, F6 (Popup, 6S, EV 75.6 MPH)
|
Batting: RHB Leon Banks
|
0-0: Ball 1-0: Called Strike 1-1: Ground out 4-3 (Groundball, 34, EV 81.2 MPH)
|
Top of the 6th over - 1 run, 1 hit, 1 error, 1 left on base; Oregon 5 - UCLA 0 |
BOTTOM OF THE 6TH |
UCLA Bruins batting - Pitching for Oregon Ducks : LHP Colby Ricci
|
Batting: RHB Jadon Nilsen
|
0-0: Ball 1-0: Swinging Strike 1-1: Ball 2-1: Foul Ball, location: 2F 2-2: Ball 3-2: Base on Balls
|
Batting: RHB Sherron Mendez
|
0-0: Fly out, F6 (Line Drive, 6, EV 70.0 MPH)
|
Batting: RHB Damian Clary
|
0-0: Ball 1-0: Called Strike 1-1: Ball 2-1: Fly out, F7 (Flyball, 7LMF, EV 109.4 MPH)
|
Pitching: RHP Dee Rowe
|
|
Batting: LHB Johnny Ware
|
0-0: Ball Jadon Nilsen is caught stealing 2nd base 2-6
|
Bottom of the 6th over - 0 runs, 0 hits, 0 errors, 0 left on base; Oregon 5 - UCLA 0 |
TOP OF THE 7TH |
Oregon Ducks batting - Pitching for UCLA Bruins : RHP Brayden Clyde
|
Batting: LHB Wyatt DeFeo
|
0-0: Called Strike 0-1: Called Strike 0-2: Ball 1-2: Ball 2-2: Fly out, F8 (Flyball, 8LXD, EV 100.0 MPH)
|
Batting: RHB Dave Richardson
|
0-0: Ball 1-0: Foul Ball, location: 2F 1-1: Ground out 5-3 (Groundball, 5, EV 87.5 MPH)
|
Batting: RHB Davell Danton
|
0-0: Ball 1-0: Called Strike 1-1: Swinging Strike 1-2: Foul Ball, location: 2F 1-2: Ground out 4-3 (Groundball, 4, EV 84.4 MPH)
|
Top of the 7th over - 0 runs, 0 hits, 0 errors, 0 left on base; Oregon 5 - UCLA 0 |
BOTTOM OF THE 7TH |
UCLA Bruins batting - Pitching for Oregon Ducks : RHP Dee Rowe
|
Batting: LHB Johnny Ware
|
0-0: Ball 1-0: Swinging Strike 1-1: Ball 2-1: Ball 3-1: Swinging Strike 3-2: Foul Ball, location: 2F 3-2: Fly out, F7 (Line Drive, 7S, EV 96.2 MPH)
|
Batting: RHB Ben Creel
|
0-0: Ball 1-0: Ball 2-0: Called Strike 2-1: Ball 3-1: Foul Ball, location: 2F 3-2: Base on Balls
|
Batting: LHB Haden Molnar
|
0-0: Ball 1-0: Foul Ball, location: 2F 1-1: Swinging Strike 1-2: Fly out, F8 (Flyball, 8LM, EV 91.2 MPH)
|
Batting: RHB Nickolas Nichols
|
0-0: Fielders Choice at 2nd, U6 (Groundball, 4MD, EV 81.9 MPH)
|
Bottom of the 7th over - 0 runs, 0 hits, 0 errors, 1 left on base; Oregon 5 - UCLA 0 |
TOP OF THE 8TH |
Oregon Ducks batting - Pitching for UCLA Bruins : RHP Brayden Clyde
|
Batting: RHB Brock Roberts
|
0-0: Foul Ball, location: 2F 0-1: Ball 1-1: Ball 2-1: Ball 3-1: Base on Balls
|
Pitching: RHP James Peterson
|
|
Batting: RHB Marcus Bruhn
|
0-0: Foul Ball, location: 2F 0-1: Ball 1-1: Ball 2-1: Ball 3-1: Foul Ball, location: 2F 3-2: Grounds into double play, 5-4-3 (Groundball, 56S, EV 80.6 MPH)
|
Batting: SHB Cameron Dow
|
0-0: Ball 1-0: Ball 2-0: Fly out, F9 (Line Drive, 9LM, EV 98.1 MPH)
|
Top of the 8th over - 0 runs, 0 hits, 0 errors, 0 left on base; Oregon 5 - UCLA 0 |
BOTTOM OF THE 8TH |
UCLA Bruins batting - Pitching for Oregon Ducks : RHP Dee Rowe
|
Batting: RHB Isaac Taylor
|
0-0: Ball 1-0: Ball 2-0: Ground out 1-3 (Groundball, 15S, EV 71.2 MPH)
|
Batting: SHB Jeremy Taggart
|
0-0: Ball 1-0: Ball 2-0: Ball 3-0: Called Strike 3-1: Called Strike 3-2: SOLO HOME RUN (Flyball, 9D, EV 97.5 MPH), Distance : 364 ft
|
Batting: RHB Jadon Nilsen
|
0-0: Called Strike 0-1: Ball 1-1: Ball 2-1: Ball 3-1: Base on Balls
|
Batting: RHB Sherron Mendez
|
0-0: Ball 1-0: Foul Ball, location: 2F 1-1: Ball 2-1: Called Strike 2-2: Ball 3-2: Foul Ball, location: 2F 3-2: Fly out, F8 (Line Drive, 8LM, EV 102.5 MPH)
|
Batting: RHB Damian Clary
|
0-0: Ball 1-0: Called Strike 1-1: Fly out, F9 (Flyball, 89S, EV 90.0 MPH)
|
Bottom of the 8th over - 1 run, 1 hit, 0 errors, 1 left on base; Oregon 5 - UCLA 1 |
TOP OF THE 9TH |
Oregon Ducks batting - Pitching for UCLA Bruins : RHP James Peterson
|
Batting: RHB Cody Schummer
|
0-0: Ball 1-0: Ball 2-0: Ball 3-0: Base on Balls
|
Batting: LHB Chase Chamberlain
|
0-0: Called Strike 0-1: Ball 1-1: Called Strike Cody Schummer steals 2nd base 1-2: Fly out, F9 (Flyball, 9LM, EV 103.8 MPH) Runner from 2nd tags up, SAFE at 3rd, no throw by RF
|
Batting: RHB Leon Banks
|
0-0: Swinging Strike 0-1: Ball 1-1: Called Strike 1-2: Ball 2-2: Strikes out swinging
|
Batting: LHB Wyatt DeFeo
|
0-0: Called Strike 0-1: Called Strike 0-2: SINGLE (Groundball, 15S, EV 70.0 MPH) (infield hit) Cody Schummer scores
|
Batting: RHB Dave Richardson
|
0-0: Called Strike 0-1: Hit by Pitch Wyatt DeFeo to second
|
Batting: RHB Davell Danton
|
0-0: Ball 1-0: Called Strike 1-1: Foul Ball, location: 2F 1-2: Foul Ball, location: 2F 1-2: Ball 2-2: Ball 3-2: Foul Ball, location: 2F 3-2: Strikes out looking
|
Top of the 9th over - 1 run, 1 hit, 0 errors, 2 left on base; Oregon 6 - UCLA 1 |
BOTTOM OF THE 9TH |
UCLA Bruins batting - Pitching for Oregon Ducks : RHP Dee Rowe
|
Batting: LHB Johnny Ware
|
0-0: Swinging Strike 0-1: Ball 1-1: Called Strike 1-2: Ball 2-2: Ground out 4-3 (Groundball, 13, EV 91.2 MPH)
|
Batting: RHB Ben Creel
|
0-0: Foul Ball, location: 2F 0-1: Ball 1-1: Foul Ball, location: 2F 1-2: Ball 2-2: Ground out 6-3 (Groundball, 6, EV 109.4 MPH)
|
Batting: LHB Haden Molnar
|
0-0: Foul Ball, location: 2F 0-1: Ball 1-1: Fly out, F8 (Flyball, 8LS, EV 94.4 MPH)
|
Bottom of the 9th over - 0 runs, 0 hits, 0 errors, 0 left on base; Oregon 6 - UCLA 1 |
|